Map: Ephemeron LE

Players

Astrea - Winner!

  • Race: Protoss Protoss
  • League: Grandmaster
  • Spawn Location: 11:00

Super

  • Race: Protoss Protoss
  • Spawn Location: 5:00

VOD

Have the link to the VOD?

Description

Time

  • Played on: Jan. 15, 2020, 5:12 a.m.
  • Length: 8:08
Show
View Real Time Build Order
Export as new Build Order

Astrea Protoss - Winner!

Build Orders:  

Get SALT Encoding   

  12  0:00  Probe  
  13  0:12  Probe  
  14  0:17  Pylon  
  14  0:24  Probe (Chrono Boost)  
  16  0:37  Probe (Chrono Boost)  
  16  0:38  Gateway  
  16  0:42  Probe (Chrono Boost)  
  16  0:46  Assimilator  
  17  0:51  Probe  
  17  0:54  Assimilator  
  18  1:03  Probe (Chrono Boost)  
  19  1:07  Gateway  
  19  1:12  Probe (Chrono Boost)  
  19  1:17  Probe (Chrono Boost)  
  20  1:25  Cybernetics Core  
  21  1:29  Probe  
  22  1:34  Pylon  
  22  1:41  Probe  
  23  1:53  Probe  
  24  1:58  Warp Gate (Chrono Boost)  
  24  2:01  Stalker x2  
  28  2:06  Probe  
  29  2:12  Pylon  
  29  2:18  Probe  
  29  2:22  Shield Battery  
  30  2:31  Stalker  
  30  2:32  Stalker  
  34  2:38  Probe  
  36  2:51  Probe  
  36  2:55  Robotics Facility  
  36  3:00  Pylon  
  36  3:15  Sentry  
  36  3:19  Shield Battery  
  37  3:25  Gateway  
  37  3:42  Stalker  
  39  3:53  Pylon  
  39  3:54  Pylon  
  39  3:59  Immortal (Chrono Boost)  
  38  4:19  Stalker  
  34  4:29  Probe  
  33  4:38  Immortal  
  33  4:42  Sentry  
  32  4:47  Pylon  
  32  4:49  Probe  
  32  5:01  Probe  
  33  5:11  Sentry  
  33  5:13  Probe  
  36  5:14  Warp Prism (Chrono Boost)  
  36  5:15  Stalker x2  
  42  5:35  Probe  
  43  5:37  Stalker  
  41  5:47  Probe, Observer  
  43  5:59  Probe  
  44  6:09  Stalker x3  
  50  6:42  Probe  
  51  6:51  Pylon  
  51  6:53  Nexus  
  51  6:58  Probe  
  52  7:08  Pylon  
  52  7:10  Immortal  
  55  7:36  Probe  
  54  7:46  Adept x3  
  62  8:02  Shield Battery  
  62  8:04  Pylon  
Show
View Real Time Build Order
Export as new Build Order

Super Protoss 

Build Orders:  

Get SALT Encoding   

  12  0:00  Probe  
  13  0:12  Probe  
  14  0:17  Pylon  
  14  0:24  Probe  
  15  0:36  Gateway  
  15  0:37  Probe (Chrono Boost)  
  16  0:46  Probe (Chrono Boost), Assimilator  
  17  0:51  Probe (Chrono Boost)  
  17  0:54  Assimilator  
  18  1:03  Probe (Chrono Boost)  
  19  1:07  Gateway  
  19  1:13  Probe (Chrono Boost)  
  19  1:18  Probe (Chrono Boost)  
  20  1:24  Cybernetics Core  
  21  1:29  Probe  
  22  1:35  Pylon  
  22  1:41  Probe  
  23  1:53  Probe  
  24  2:00  Warp Gate, Robotics Facility  
  24  2:05  Stalker  
  26  2:14  Stalker  
  28  2:21  Pylon  
  28  2:35  Stalker  
  30  2:44  Immortal (Chrono Boost)  
  34  3:00  Pylon  
  34  3:06  Pylon  
  32  3:13  Warp Prism (Chrono Boost)  
  28  3:48  Stalker x2  
  29  4:12  Adept x2  
  31  4:32  Immortal (Chrono Boost)  
  31  4:36  Probe  
  28  4:48  Probe  
  28  4:52  Adept x2  
  34  5:08  Warp Prism  
  34  5:13  Probe  
  36  5:22  Sentry  
  36  5:23  Sentry  
  36  5:26  Probe  
  35  6:01  Zealot x2  
  35  6:06  Probe  
  35  6:07  Robotics Facility  
  36  6:12  Gateway  
  36  6:22  Probe  
  35  6:42  Pylon  
  35  6:50  Adept x2  
  39  6:58  Immortal (Chrono Boost)  
  43  7:10  Stalker  
  43  7:11  Stalker  
  46  7:29  Pylon  
  36  7:56  Pylon  
Tags
 
Add a new tag
Caveats
  • Supply blocks, unpowered buildings, or Contaminate may cause inaccurate times.
  • Supply counts are checked every 10 seconds.